 Dungeon Crawl Stone Soup version 0.29-a0-721-g7f417c9bbb (webtiles) character file.

Game seed: 5634977547100997778

29022 jfcaron the Severer (level 13, -1/116 HPs)
             Began as a Hill Orc Gladiator on June 27, 2022.
             Was a High Priest of the Shining One.
             Killed by the air
             ... invoked by Gastronok
              (10 damage)
             ... on level 2 of the Lair of Beasts.
             The game lasted 00:40:50 (17422 turns).

jfcaron the Severer (Hill Orc Gladiator)           Turns: 17422, Time: 00:40:52

Health: -1/116     AC: 26    Str: 26    XL:     13   Next: 42%
Magic:  21/21      EV:  7    Int:  8    God:    the Shining One [*****.]
Gold:   902        SH: 11    Dex: 12    Spells: 12/12 levels left

rFire   . . .      SeeInvis .   a - +1 war axe (venom)
rCold   + . .      Faith    .   r - +1 kite shield {rC+}
rNeg    + + .      Spirit   .   C - +0 plate armour
rPois   +          Reflect  .   n - +2 helmet
rElec   .          Harm     .   i - +1 cloak
rCorr   .          Rampage  +   o - +1 pair of gloves
Will    .....                   b - +2 pair of boots {rampage}
Stlth   ..........              s - amulet of the Heavens {RegenMP Str+4}
HPRegen 0.29/turn               J - +4 ring of slaying
MPRegen 0.57/turn               S - ring of poison resistance

@: slowed, glowing, very slow
A: no striking features
a: Renounce Religion, Divine Shield, Cleansing Flame, Summon Divine Warrior


You were on level 2 of the Lair of Beasts.
You worshipped the Shining One.
The Shining One was extremely pleased with you.
You visited 2 branches of the dungeon, and saw 13 of its levels.
You also visited: Bailey and Ice Cave.

You collected 1270 gold pieces.
You spent 368 gold pieces at shops.

Inventory:

Hand Weapons
 a - a +1 war axe of venom (weapon)
 G - a +1 flail of freezing
 Q - a +0 broad axe
Missiles
 d - 3 throwing nets {!f}
 e - 10 javelins
 g - 10 silver javelins {!f}
 l - 21 boomerangs
 u - 73 stones
 v - 21 poisoned darts
 x - 2 atropa-tipped darts
 D - 3 silver boomerangs
Armour
 b - a +2 pair of boots of rampaging (worn)
 i - a +1 cloak (worn)
 n - a +2 helmet (worn)
 o - a +1 pair of gloves (worn)
 r - a +1 kite shield of cold resistance (worn)
 w - a scarf of repulsion
 C - a +0 plate armour (worn)
Jewellery
 s - the amulet of the Heavens (around neck) {RegenMP Str+4}
   (You took it off a kobold on level 2 of the Dungeon)

   [amulet of magic regeneration]

   It increases your rate of magic regeneration.
   Str:       It affects your strength (+4).
 J - a +4 ring of slaying (left hand)
 O - a ring of flight
 S - a ring of poison resistance (right hand)
 T - an amulet of the acrobat
 Y - a ring of see invisible
Wands
 p - a wand of paralysis (16)
 t - a wand of polymorph (3)
 y - a wand of iceblast (4)
 I - a wand of mindburst (13)
Scrolls
 c - 3 scrolls of enchant weapon
 f - 2 scrolls of vulnerability
 m - a scroll of summoning
 z - a scroll of identify
 E - a scroll of fear
 F - 2 scrolls of magic mapping
 N - a scroll of fog
 P - 2 scrolls of enchant armour
 U - 5 scrolls of teleportation
Potions
 h - 3 potions of magic
 j - 7 potions of curing
 k - 2 potions of brilliance
 q - 2 potions of haste
 A - 8 potions of flight
 B - 2 potions of lignification
 H - a potion of berserk rage {unknown}
 K - 3 potions of resistance
 L - 3 potions of attraction
 M - 2 potions of might
 R - 2 potions of heal wounds
 V - a potion of ambrosia
 W - 4 potions of invisibility
 X - 5 potions of mutation


   Skills:
 + Level 11.4 Fighting
 * Level 17.0 Axes
 - Level 2.0 Throwing
 + Level 10.1 Armour
 - Level 3.0 Dodging
 - Level 7.0 Shields
 + Level 11.6 Invocations
 + Level 6.7 Evocations


You had 12 spell levels left.
You didn't know any spells.
Your spell library contained the following spells:

 Spells                   Type           Power      Damage    Failure   Level
 Freeze                   Ice            0%         1d3       100%        1
 Call Canine Familiar     Summ           0%         N/A       100%        3
 Frozen Ramparts          Ice            0%         1d2       100%        3
 Portal Projectile        Hex/Tloc       0%         N/A       100%        3
 Hailstorm                Conj/Ice       0%         3d3       100%        4
 Ice Form                 Ice/Tmut       0%         N/A       100%        4
 Leda's Liquefaction      Hex/Erth       0%         N/A       100%        4
 Summon Ice Beast         Ice/Summ       0%         N/A       100%        4
 Blade Hands              Tmut           0%         N/A       100%        5
 Irradiate                Conj/Tmut      0%         3d13      100%        5
 Dragon Form              Tmut           0%         N/A       100%        7


Dungeon Overview and Level Annotations

Branches:
Dungeon (11/15)            Temple (0/1) D:6            Lair (2/6) D:9
 Bailey (visited)           IceCv (visited)
  Swamp: Lair:2-4    Shoals: Lair:2-4     Snake: Lair:2-4    Spider: Lair:2-4
    Orc: D:9-12

Altars:
Ashenzari
Cheibriados
Dithmenos
Elyvilon
Gozag
Hepliaklqana
Okawaru
Qazlal
Ru
Trog
Uskayaw
Vehumet
Yredelemnul
The Shining One

Shops:
D:4 *!:   D:8 !

Annotations:
D:2 1 runed translucent door, Crazy Yiuf
Lair:2 3 runed translucent doors, Gastronok; chrisa4242's ghost, journeyman GrBe


Message History

Urug hits you but does no damage.
Unknown command.
You hit Urug.
Urug looks as sick as possible!
Urug is heavily wounded.
Unknown command.
You slash Urug!
Urug looks as sick as possible!
Urug is severely wounded.
Urug hits you with a +5 eveningstar!
You closely miss Urug.
Urug is almost dead.
Urug hits you with a +5 eveningstar.
You slice Urug!!
You kill Urug!
A water moccasin comes into view.
Gastronok casts a spell at you.
You feel yourself slow down.
Your Axes skill increases to level 17!
Unknown command.
The water moccasin hisses angrily.
You slice Gastronok!!
Gastronok is lightly wounded.
You slash Gastronok!
Gastronok is poisoned.
Gastronok is moderately wounded.
The water moccasin bites you. Gastronok bites you!
* * * LOW HITPOINT WARNING * * *
Unknown command.
You slice Gastronok!!
Gastronok looks as sick as possible!
Gastronok is heavily wounded.
You completely miss the water moccasin. The water moccasin bites you.
* * * LOW HITPOINT WARNING * * *
You block the water moccasin's attack. Gastronok bites you!
* * * LOW HITPOINT WARNING * * *
Unknown command.
As you read the scroll of fear, it crumbles to dust.
You assume a fearsome visage.
Gastronok resists with almost no effort.
The water moccasin looks frightened!
Gastronok waves his eye-stalks in wide circles.
The air twists around and strikes you!
You die...

...####...+ZZ.?.*,*,,,+,,,,,*,,,,
...# #...+W..!#*,....#,,,*,,,,,,
≈..# #...#Z....*,....#,,,*,,,,,,
≈.## #...#.#.#,*,....#.,,*,*,,,,
≈.# ##..########......,,,,+,,,,
≈≈# #..............#,,,,,,***,
≈.## #..............#,,,,,,,,,,
≈≈≈# ##........w.....##***,,,,*,
≈.## #.........@.......,,,,,,,,,
..### ##........).......,,,,,,,*,
..#P####........†.......,*,,,,,,,
...................S....**,,,,,,,
....#......#######.....#**,,,,,,,
...P.......# *......**,,,,,*,
...........# *.....#,*,,,,,**
...P.....#.# *#.....,,,,,,,,,
...........# *,...,,,,,,,,,,


You could see Gastronok (swift, extremely poisoned) and a water moccasin
(fleeing).

Vanquished Creatures
  Josephine (D:11)
  2 hydras (Lair:1)
  A boulder beetle (D:11)
  Erica (Lair:1)
  A death yak (Lair:1)
  4 two-headed ogres
  Urug (Lair:2)
  A necromancer (IceCv)
  A manticore (D:11)
  Maurice (D:10)
  2 black mambas (Lair:1)
  An ice statue (IceCv)
  A cane toad (Lair:1)
  An unseen horror (D:11)
  A komodo dragon (Lair:2)
  2 anaconda simulacra (IceCv)
  2 freezing wraiths (IceCv)
  13 ice devils (IceCv)
  3 rime drakes
  3 entropy weaver simulacra (IceCv)
  3 trolls
  A hornet (D:7)
  A polar bear (Lair:1)
  4 blink frogs (Lair:1)
  4 wraiths (D:11)
  10 yaks
  2 shadows
  2 basilisks (Lair:1)
  2 dire elephant simulacra (IceCv)
  4 death yak simulacra (IceCv)
  6 wyverns
  3 steam dragons
  4 vampire mosquitoes
  A harpy simulacrum (IceCv)
  4 water moccasins
  Duvessa (D:7)
  2 acid dragons (D:11)
  8 orc warriors
  A black bear (D:6)
  An ice beast (D:8)
  5 ogres
  A phantom (D:6)
  4 wolves (Lair:1)
  3 centaurs
  A kobold brigand (D:9)
  6 bullfrogs
  4 necrophages
  2 gnoll sergeants
  2 two-headed ogre simulacra (IceCv)
  5 scorpions
  3 cane toad simulacra (IceCv)
  4 wights (D:8)
  Dowan (D:7)
  6 elephant simulacra (IceCv)
  13 killer bees
  2 howler monkeys
  5 electric eels (D:10)
  A jelly (D:6)
  5 hounds
  7 orc priests
  6 iguanas
  16 orc wizards
  4 polar bear simulacra (IceCv)
  A statue (D:10)
  A troll simulacrum (IceCv)
  3 wolf simulacra (IceCv)
  Robin (D:4)
  8 gnolls
  A naga simulacrum (IceCv)
  8 adders
  A shadow imp (D:6)
  3 white imps
  3 ufetubi
  2 worms
  A dart slug (D:1)
  39 orcs
  9 ball pythons
  8 endoplasms
  A giant cockroach (D:4)
  22 goblins
  12 hobgoblins
  5 quokkas
  7 bats
  4 frilled lizards
  17 kobolds
  2 rats
  9 fungi
  22 plants
  14 withered plants (D:3)
417 creatures vanquished.

Notes
Turn   | Place    | Note
-------+----------+-------------------------------------------
     0 | D:1      | jfcaron the Hill Orc Gladiator began the quest for the Orb.
     0 | D:1      | Reached XP level 1. HP: 18/18 MP: 1/1
   128 | D:1      | Reached XP level 2. HP: 23/25 MP: 2/2
   740 | D:2      | Reached XP level 3. HP: 31/31 MP: 3/3
   827 | D:2      | Found a stormy altar of Qazlal.
  1224 | D:2      | Identified the amulet of the Heavens {RegenMP Str+4}
  1231 | D:2      | Reached skill level 1 in Armour
  1231 | D:2      | Reached XP level 4. HP: 38/38 MP: 4/4
  1241 | D:2      | Reached skill level 5 in Axes
  1505 | D:2      | Found a runed translucent door.
  1506 | D:2      | Noticed Crazy Yiuf
  1918 | D:3      | Found a glowing golden altar of the Shining One.
  1970 | D:3      | Became a worshipper of the Shining One
  2053 | D:3      | Reached XP level 5. HP: 38/46 MP: 5/5
  2433 | D:3      | Found a faded altar of an unknown god.
  3352 | D:4      | Identified a scroll of acquirement
  3352 | D:4      | Acquired a +2 pair of boots of rampaging
  3481 | D:4      | Reached skill level 6 in Axes
  3481 | D:4      | Reached skill level 1 in Invocations
  3550 | D:4      | Reached XP level 6. HP: 49/52 MP: 7/7
  3552 | D:4      | Found Kemos's Distillery.
  3570 | D:4      | Bought a potion of heal wounds for 50 gold pieces
  3570 | D:4      | Bought a potion of curing for 30 gold pieces
  3622 | D:4      | Noticed Robin
  3633 | D:4      | Killed Robin
  3702 | D:4      | Found Susel's Book Boutique.
  3919 | D:4      | Found a stormy altar of Qazlal.
  3928 | D:4      | Found a shadowy altar of Dithmenos.
  4037 | D:4      | Identified the +5 long sword of Quantum Leap {antimagic,
                  | Drain Fly rF+++ rN+}
  4099 | D:4      | Found Igeakus's Assorted Antiques.
  4202 | D:4      | Bought a scroll labelled XYUTWAPPOTU for 18 gold pieces
  4222 | D:4      | Reached skill level 7 in Axes
  4222 | D:4      | Reached XP level 7. HP: 60/60 MP: 8/8
  4418 | D:4      | Reached * piety under the Shining One
  4599 | D:4      | Reached skill level 5 in Fighting
  5004 | D:4      | Found a hazy altar of Hepliaklqana.
  5086 | D:4      | Bought a potion of mutation for 80 gold pieces
  5086 | D:4      | Bought a potion of flight for 30 gold pieces
  5148 | D:4      | Bought a scroll of teleportation for 54 gold pieces
  5211 | D:5      | Entered Level 5 of the Dungeon
  5289 | D:5      | Reached skill level 8 in Axes
  5340 | D:5      | Reached XP level 8. HP: 66/68 MP: 10/10
  6039 | D:6      | Reached skill level 9 in Axes
  6076 | D:6      | Found a basalt altar of Yredelemnul.
  6086 | D:6      | Found a staircase to the Ecumenical Temple.
  6104 | D:6      | Found a bloodstained altar of Trog.
  6109 | D:6      | Reached skill level 5 in Invocations
  6214 | D:6      | Noticed a wyvern
  6222 | D:6      | Killed a wyvern
  6223 | D:6      | Reached skill level 10 in Axes
  6223 | D:6      | Reached skill level 5 in Armour
  6223 | D:6      | Reached XP level 9. HP: 73/78 MP: 13/13
  6498 | D:6      | Found a snail-covered altar of Cheibriados.
  6639 | D:6      | Reached skill level 1 in Shields
  6808 | D:6      | Reached skill level 11 in Axes
  7252 | D:4      | Bought a potion of attraction for 30 gold pieces
  7252 | D:4      | Bought a potion of might for 40 gold pieces
  7314 | D:4      | Bought a scroll of fog for 36 gold pieces
  7793 | D:7      | Noticed Dowan
  7794 | D:7      | Noticed Duvessa
  7798 | D:7      | Killed Dowan
  7805 | D:7      | Killed Duvessa
  7977 | D:7      | Found a hide-covered altar of Uskayaw.
  8145 | D:7      | Found a white marble altar of Elyvilon.
  8150 | D:7      | Noticed a troll
  8150 | D:7      | Reached ** piety under the Shining One
  8159 | D:7      | Found a transporter.
  8271 | D:7      | Found a transporter.
  8429 | D:7      | Found an iron altar of Okawaru.
  8486 | D:7      | Noticed a hornet
  8490 | D:7      | Reached XP level 10. HP: 88/88 MP: 15/15
  8490 | D:7      | Paralysed by a hornet for 3 turns
  8740 | D:7      | Reached skill level 12 in Axes
  8855 | D:8      | Noticed a two-headed ogre
  8856 | D:8      | Found a flagged portal.
  8873 | D:8      | Killed a two-headed ogre
  8874 | D:8      | Reached skill level 1 in Evocations
  8960 | Bailey   | Entered a bailey
  9614 | D:8      | Reached skill level 13 in Axes
  9614 | D:8      | Paralysed by a wight for 2 turns
  9880 | D:8      | Noticed a two-headed ogre
  9892 | D:8      | Reached *** piety under the Shining One
  9892 | D:8      | HP: 13/90 [two-headed ogre/+0 giant club (7)]
  9892 | D:8      | HP: 5/90 [two-headed ogre/+0 giant club (8)]
  9895 | D:8      | Killed a two-headed ogre
  9896 | D:8      | Reached XP level 11. HP: 19/95 MP: 17/17
 10239 | D:8      | Found an opulent altar of Gozag.
 10243 | D:8      | Found a sacrificial altar of Ru.
 10489 | D:8      | Found Maruwugh's Distillery.
 10627 | D:9      | Found a staircase to the Lair.
 11351 | D:10     | Entered Level 10 of the Dungeon
 11706 | D:10     | Noticed a two-headed ogre
 11721 | D:10     | Killed a two-headed ogre
 11722 | D:10     | Reached skill level 5 in Shields
 12032 | D:10     | Noticed Maurice
 12038 | D:10     | Killed Maurice
 12127 | D:10     | Found a radiant altar of Vehumet.
 12133 | D:10     | Reached skill level 14 in Axes
 12565 | D:11     | Noticed Josephine
 12580 | D:11     | Killed Josephine
 12605 | D:11     | Noticed a two-headed ogre
 12614 | D:11     | Killed a two-headed ogre
 12723 | D:11     | Found a broken altar of Ashenzari.
 12855 | D:11     | Noticed a manticore
 12859 | D:11     | Killed a manticore
 12860 | D:11     | Reached XP level 12. HP: 84/106 MP: 19/19
 13597 | D:11     | Noticed a boulder beetle
 13597 | D:11     | Reached **** piety under the Shining One
 13606 | D:11     | Killed a boulder beetle
 13607 | D:11     | Reached skill level 10 in Fighting
 14006 | Lair:1   | Entered Level 1 of the Lair of Beasts
 14013 | Lair:1   | Reached skill level 10 in Invocations
 14021 | Lair:1   | Reached skill level 15 in Axes
 14082 | Lair:1   | Noticed a six-headed hydra
 14102 | Lair:1   | Killed a six-headed hydra
 14115 | Lair:1   | Noticed Erica
 14131 | Lair:1   | Killed Erica
 14327 | Lair:1   | Reached skill level 5 in Evocations
 14390 | Lair:1   | Noticed a death yak
 14407 | Lair:1   | Killed a death yak
 14414 | Lair:1   | Noticed a four-headed hydra
 14437 | Lair:1   | Killed a four-headed hydra
 14440 | Lair:1   | HP: 18/107 [cane toad (12)]
 14441 | Lair:1   | HP: 7/107 [cane toad (12)]
 15898 | Lair:2   | Found a frozen archway.
 15919 | IceCv    | Entered an ice cave
 16102 | IceCv    | Reached skill level 16 in Axes
 16162 | IceCv    | Reached ***** piety under the Shining One
 16410 | IceCv    | Reached XP level 13. HP: 115/115 MP: 21/21
 16693 | IceCv    | Found an ancient bone altar of Kikubaaqudgha.
 16857 | IceCv    | Reached skill level 10 in Armour
 17320 | Lair:2   | Found a runed translucent gate.
 17322 | Lair:2   | Found a runed translucent gate.
 17323 | Lair:2   | Found a runed translucent gate.
 17324 | Lair:2   | Noticed chrisa4242's ghost (journeyman GrBe)
 17404 | Lair:2   | Noticed Urug
 17407 | Lair:2   | Noticed Gastronok
 17417 | Lair:2   | Killed Urug
 17418 | Lair:2   | Reached skill level 17 in Axes
 17420 | Lair:2   | HP: 22/116 [Gastronok (16)]
 17421 | Lair:2   | HP: 9/116 [Gastronok (11)]
 17422 | Lair:2   | Killed from afar by Gastronok

Illustrated notes

Levels and vault maps discovered:
D:1:      dpeg_arrival_stonehenge_8_columns, layout_loops_ring,
          kennysheep_crisscross
D:2:      layout_loops_corners, basic_altar, uniq_crazy_yiuf_cottage
D:3:      layout_basic, mainiacjoe_overflow_small_starburst,
          shapermc_ecumenical_altar_flowoftime, minmay_pentangle
D:4:      minmay_razor_zed, layout_basic, mainiacjoe_overflow_alcove_4,
          mainiacjoe_overflow_swirl, serial_shops, shop,
          nicolae_shop_temple_entry_statues_fountains, shop, dk_vineyard_2,
          uniq_robin
D:5:      layout_gridville
D:6:      minmay_opposing_rooms, layout_gridville, old_standard_altar,
          mainiacjoe_overflow_cross_hatched, mainiacjoe_overflow_paths,
          minmay_temple_entry_hall
D:7:      layout_cave_pods, kennysheep_okawaru_gauntlet,
          mainiacjoe_overflow_alcove_2, gammafunk_temple_overflow_arena,
          uniq_duvessa
D:8:      layout_loops_cross, grunt_temple_overflow_open, serial_shops, shop,
          enter_bailey_5
D:9:      layout_roguey, lair_entry_dummy
D:10:     layout_basic, vehumet_statue, hangedman_abyss_or_decor_clamps,
          uniq_maurice
D:11:     layout_roguey, evilmike_ruin_ashenzari, uniq_josephine
Lair:1:   layout_loops_ring, hangedman_lair_generics_rect, grunt_megastairs_2,
          infiniplex_staircase_pool, uniq_erica
Lair:2:   layout_chaotic_city, portal_ice_cave_rime, gammafunk_ghost_necromancy,
          infiniplex_staircase_pool_2, uniq_gastronok, uniq_harold, uniq_urug

Skill      XL: |  1  2  3  4  5  6  7  8  9 10 11 12 13 |
---------------+----------------------------------------+-----
Throwing       | 2 |  2.0
Fighting       | 3 4 5 6 7 8 9 10 11 | 11.4
Armour         | 1 2 3 5 6 7 8 9 10 | 10.1
Axes           | 5 6 7 8 10 11 13 14 16 17 | 17.0
Dodging        | 3 |  3.0
Invocations    | 1 2 3 5 7 8 9 11 | 11.6
Shields        | 2 4 6 7 |  7.0
Evocations     | 2 4 5 6 |  6.7

Action                   |  1- 3 |  4- 6 |  7- 9 | 10-12 | 13-15 || total
-------------------------+-------+-------+-------+-------+-------++-------
Melee: War axe           |    85 |   165 |   201 |   442 |   154 ||  1047
       Punch             |       |     1 |     2 |       |       ||     3
Throw: Stone             |       |    30 |     4 |    14 |       ||    48
       Dart              |       |     9 |     9 |    41 |       ||    59
       Boomerang         |       |       |       |    12 |       ||    12
       Javelin           |       |       |       |     7 |       ||     7
Invok: Divine Shield     |       |       |     1 |     3 |       ||     4
       Cleansing Flame   |       |       |       |       |     2 ||     2
Evoke: Wand              |       |       |       |    24 |       ||    24
  Use: Scroll            |       |    12 |     7 |     6 |     1 ||    26
       Potion            |       |       |     2 |     5 |       ||     7
Armor: Leather armour    |    14 |       |       |       |       ||    14
       Ring mail         |    25 |    10 |       |       |       ||    35
       Plate armour      |       |    67 |   124 |   252 |   102 ||   545
Dodge: Dodged            |    68 |    65 |    85 |   149 |    31 ||   398
       Repelled          |       |       |     1 |     5 |       ||     6
Block: Buckler           |       |       |    11 |   110 |     6 ||   127
       Other             |       |       |     9 |       |       ||     9
       Kite shield       |       |       |       |       |    53 ||    53

Table legend: (Time is in decaauts)
 A = Elapsed time spent in this place.
 B = Non-inter-level travel time spent in this place.
 C = Inter-level travel time spent in this place.
 D = Time resting spent in this place.
 E = Time spent auto-exploring this place.
 F = Levels seen in this place.
 G = Mean time per level.
                   A        B        C        D        E       F      G
               +--------+--------+--------+--------+--------+-----+--------+
         Total |  17454 |  15687 |   1767 |   2250 |  10406 |  15 | 1163.6 |
       Dungeon |  13924 |  12308 |   1616 |   1145 |   9308 |  11 | 1265.8 |
          Lair |   1771 |   1620 |    151 |    361 |    958 |   2 |  885.5 |
        Bailey |    483 |    483 |      0 |    130 |     83 |   1 |  483.0 |
      Ice Cave |   1275 |   1275 |      0 |    613 |     57 |   1 | 1275.0 |
               +--------+--------+--------+--------+--------+-----+--------+

Top non-repeatable levels by time:
     D:4: 1998 daAuts
  Lair:1: 1532 daAuts
     D:3: 1437 daAuts
    D:11: 1385 daAuts
     D:7: 1378 daAuts
     D:8: 1308 daAuts
   IceCv: 1275 daAuts
     D:6: 1272 daAuts
     D:2: 1261 daAuts
    D:10: 1234 daAuts
     D:9: 970 daAuts
     D:5: 943 daAuts
     D:1: 734 daAuts
  Bailey: 483 daAuts
  Lair:2: 239 daAuts
